 Dungeon Crawl Stone Soup version 0.32-a0-975-g85d4e5bfdb (webtiles) character file.

Game seed: 3930415904490642537

173691 Shayle the Destroyer (level 18, -1/136 HPs)
             Began as a Coglin Alchemist on Apr 19, 2024.
             Was an Initiate of Gozag.
             Slain by a seven-headed hydra (4 damage)
             ... on level 2 of the Swamp on Apr 20, 2024.
             The game lasted 03:38:33 (39481 turns).

Shayle the Destroyer (Coglin Alchemist)            Turns: 39481, Time: 03:38:36

Health: -1/136     AC: 12    Str: 17    XL:     18   Next: 5%
Magic:  16/29      EV: 19    Int: 28    God:    Gozag
Gold:   1521       SH:  0    Dex: 19    Spells: 4/32 levels left

rFire   + . .        r - +5 dagger "Saefoin" {protect, rN+ Str+3 Int+6}
rCold   + + .        M - staff of Ylak {rPois Str+3 Int+2 Alchemy}
rNeg    + . .        F - +1 leather armour of the Gloaming {rPois Dex+4}
rPois   +            I - +0 helmet {SInv}
rElec   .            K - scarf {rC+ rF+}
rCorr   .            c - +2 pair of gloves
SInv    +            v - +1 pair of boots
Will    ++...        (amulet unavailable)
Stlth   +            (ring unavailable)
HPRegen 1.22/turn    (ring unavailable)
MPRegen 0.61/turn    y - articulated scope {rC+ Will+ Regen+ RegenMP+}

%: no passive effects
@: gold aura, on berserk cooldown, slowed, studying 3 skills, very slow
A: off-hand wielding, slow wielding, warmup strikes, no jewellery
a: Renounce Religion, Potion Petition, Call Merchant, Bribe Branch


You were on level 2 of the Swamp.
You worshipped Gozag.
Gozag was most pleased with you.
You visited 6 branches of the dungeon, and saw 29 of its levels.
You also visited: Gauntlet and Ice Cave.

You collected 10147 gold pieces.
You spent 2040 gold pieces at shops.
You paid 6586 gold pieces to Gozag.

Inventory:

Hand Weapons
 l - a +1 sling of draining
 r - the +5 dagger "Saefoin" (weapon) {protect, rN+ Str+3 Int+6}
   (You found it on level 3 of the Dungeon)

   Str+3:     It affects your strength (+3).
   Int+6:     It affects your intelligence (+6).
   rN+:       It protects you from negative energy.
 T - a +1 double sword of freezing
Missiles
 b - 2 throwing nets
 q - 5 silver javelins
 s - 10 curare-tipped darts
Armour
 c - a +2 pair of gloves (worn)
 v - a +1 pair of boots (worn)
 w - the +0 leather armour of Ijan {+Blink rPois rF++ Dex-3}
   (You bought it in a shop on level 10 of the Dungeon)

   Dex-3:     It affects your dexterity (-3).
   rF++:      It greatly protects you from fire.
   rPois:     It protects you from poison.
   +Blink:    It lets you blink.
 F - the +1 leather armour of the Gloaming (worn) {rPois Dex+4}
   (You found it on level 5 of the Dungeon)

   Dex+4:     It affects your dexterity (+4).
   rPois:     It protects you from poison.
 G - a +1 leather armour of fire resistance
 I - a +0 helmet of see invisible (worn)
 K - a scarf of resistance (worn)
 Q - a +1 pair of boots of rampaging
 U - a +2 leather armour of cold resistance
 V - a +2 leather armour of resistance
Magical Staves
 M - the staff of Ylak (offhand) {rPois Str+3 Int+2 Alchemy}
   (You acquired it on level 1 of the Lair of Beasts)

   [staff of alchemy]

   Base accuracy: +5 Base damage: 5 Base attack delay: 1.2 This weapon's minimum
   attack delay (0.6) is reached at skill level 12.
   Str+3:     It affects your strength (+3).
   Int+2:     It affects your intelligence (+2).
   rPois:     It protects you from poison.
   Alchemy:   It increases the power of your Alchemy spells.
   It falls into the 'Staves' category.
   It is a one-graspered weapon.
 Z - the staff "Feacix" {Str+2 Summ Necro Earth}
   (You found it in a Gauntlet)

   [staff of earth]

   Base accuracy: +5 Base damage: 5 Base attack delay: 1.2 This weapon's minimum
   attack delay (0.6) is reached at skill level 12.
   Str+2:     It affects your strength (+2).
   Summ:      It increases the power of your Summonings spells.
   Necro:     It increases the power of your Necromancy spells.
   Earth:     It increases the power of your Earth spells.
   It falls into the 'Staves' category.
   It is a one-graspered weapon.
Gizmo
 y - an articulated scope (installed) {rC+ Will+ Regen+ RegenMP+}
   (You invented it yourself in a Gauntlet)

   [articulated scope]

   rC+:       It protects you from cold.
   Will+:     It increases your willpower.
   Regen+:    It increases your rate of health regeneration.
   RegenMP+:  It increases your rate of magic regeneration.
Wands
 a - a wand of polymorph (5)
 e - a wand of digging (16)
 D - a wand of flame (57)
 J - a wand of mindburst (18)
 P - a wand of paralysis (26)
Scrolls
 f - 4 scrolls of torment
 h - 2 scrolls of teleportation
 p - 4 scrolls of identify
 x - 3 scrolls of revelation
 C - 7 scrolls of immolation
 N - a scroll of vulnerability
 O - 3 scrolls of fog
Potions
 d - 3 potions of enlightenment
 g - 5 potions of might
 j - 2 potions of mutation
 k - a potion of attraction
 n - 5 potions of lignification
 o - 2 potions of brilliance
 t - 2 potions of berserk rage
 u - 3 potions of cancellation
 z - a potion of invisibility
 A - 8 potions of curing
 B - 4 potions of haste
 E - a potion of ambrosia
 H - 2 potions of resistance
Miscellaneous
 R - a phantom mirror (inert)
 S - a condenser vane
 X - a phial of floods (inert)


   Skills:
 - Level 10.5 Fighting
 - Level 12.0 Staves
 - Level 10.8 Armour
 - Level 12.0 Dodging
 - Level 1.5 Stealth
 + Level 7.9 Spellcasting
 + Level 13.5 Conjurations
 + Level 11.0 Fire Magic
 - Level 8.6 Air Magic
 - Level 3.7 Alchemy


You had 4 spell levels left.
You knew the following spells:

 Your Spells              Type           Power      Damage    Failure   Level
a - Sting                 Conj/Alch      100%       1d9       1%          1
b - Mephitic Cloud        Conj/Alch/Air  73%        N/A       1%          3
c - Sticky Flame          Fire/Alch      68%        2d11      2%          4
d - Olgreb's Toxic Radia  Alch           48%        N/A       12%         4
e - Blink                 Tloc           22%        N/A       9%          2
f - Arcjolt               Conj/Air       32%        1d42      1%          5
g - Fireball              Conj/Fire      34%        3d14      1%          5
h - Ignite Poison         Fire/Alch      68%        N/A       2%          4

Your spell library contained the following spells:

 Spells                   Type           Power      Damage    Failure   Level
 Cigotuvi's Dreadful Rot  Necr/Alch/Air  100%       N/A       1%          2
 Mercury Vapours          Alch/Air       100%       N/A       1%          2
 Momentum Strike          Conj/Tloc      98%        3d10      1%          2
 Swiftness                Air            56%        N/A       1%          3
 Volatile Blastmotes      Fire/Tloc      84%        2d17      1%          3
 Fulminant Prism          Conj/Alch      36%        3d17      1%          4
 Brom's Barrelling Bould  Conj/Erth      49%        2d7       3%          4
 Iskenderun's Mystic Bla  Conj/Tloc      49%        2d11      (+2d53%     4
 Ensorcelled Hibernation  Hex/Ice        22%        N/A       9%          2
 Lesser Beckoning         Tloc           22%        N/A       9%          2
 Fugue of the Fallen      Necr           11%        N/A       17%         3
 Maxwell's Portable Pile  Tloc           11%        2d(6-16)  17%         3
 Ozocubu's Armour         Ice            11%        N/A       17%         3
 Passwall                 Erth           11%        N/A       17%         3
 Teleport Other           Tloc           11%        N/A       17%         3
 Dispel Undead            Necr           11%        3d9       50%         4
 Martyr's Knell           Necr/Summ      11%        N/A       50%         4
 Iskenderun's Battlesphe  Conj           72%        2d12      1%          5
 Conjure Ball Lightning   Conj/Air       32%        3x3d10    9%          6
 Orb of Destruction       Conj           36%        9d11      19%         7
 Alistair's Intoxication  Alch           32%        N/A       34%         5
 Borgnjor's Vile Clutch   Necr/Erth      5%         N/A       85%         5
 Eringya's Noxious Bog    Alch           24%        4d6       88%         6
 Ignition                 Fire           32%        3d10      99%         8
 Manifold Assault         Tloc           5%         N/A       100%        7
 Ozocubu's Refrigeration  Ice            5%         4d8       100%        7


Dungeon Overview and Level Annotations

Branches:
Dungeon (15/15)            Temple (1/1) D:6            Lair (5/5) D:10
  Swamp (2/4) Lair:2       Spider (4/4) Lair:2        Slime (0/5) Lair:5
    Orc (2/2) D:11            Elf (0/3) Orc:2        Vaults (0/5) D:14
 Depths (0/4) D:15          IceCv (visited)         Gauntlet (visited)

Altars:
Ashenzari
Cheibriados
Dithmenos
Elyvilon
Fedhas
Gozag
Hepliaklqana
Kikubaaqudgha
Makhleb
Nemelex Xobeh
Okawaru
Qazlal
Ru
Sif Muna
Trog
Uskayaw
Vehumet
Wu Jian
Xom
Yredelemnul
Zin
The Shining One
Jiyva

Shops:
D:2 =   D:4 *   D:10 [*:   D:13 ?   D:15 :   Orc:2 ?!=(

Portals:
Trove: D:13 (give 7 scrolls of fog)

Annotations:
Lair:4 exclusion: oklob plant, Rupert
Spider:4 Mlioglotl


Innate Abilities, Weirdness & Mutations

You can wield a second weapon in your off-hand.
It takes a long time for you to wield or remove held weapons.
Your first few attacks do less damage.
You cannot equip rings or amulets.


Message History

You completely miss the tyrant leech with the +5 dagger "Saefoin".
The tyrant leech is engulfed in noxious fumes.
The tyrant leech bites you.
* * * LOW HITPOINT WARNING * * *
The tyrant leech draws strength from your injuries!
Casting: Mephitic Cloud (safe; 1% risk of failure)
Confirm with . or Enter, or press ? or * to list all spells.
You feel a surge of power!
You ignite the poison in your surroundings!
The tyrant leech is engulfed in blazing flames.
The seven-headed hydra bites you but does no damage. x2
The seven-headed hydra closely misses you.
The seven-headed hydra bites you.
* * * LOW HITPOINT WARNING * * *
The seven-headed hydra completely misses you. x2
The seven-headed hydra bites you.
* * * LOW HITPOINT WARNING * * *
Unknown command.
Okay, then.
Okay, then.
Aim the phial where?
Press: ? - help, Shift-Dir - straight line, f - seven-headed hydra, p - tyrant leech
Aim: a seven-headed hydra (90% to hit)
The torrent of water hits the seven-headed hydra.
The seven-headed hydra is lightly wounded.
The wave splashes down.
Splash!
You fall into the shallow water.
Moving in this stuff is going to be slow.
The tyrant leech seems less confused.
The tyrant leech is engulfed in blazing flames.
The tyrant leech closely misses you.
The seven-headed hydra bites you but does no damage.
The seven-headed hydra barely misses you.
The seven-headed hydra bites you.
* * * LOW HITPOINT WARNING * * *
The seven-headed hydra bites you but does no damage. x2
The seven-headed hydra bites you.
You die...
Your body crumbles into a pile of gold.

~~.§ ♣~....♣§~..~~~~.~♣.
...♣♣♣§...~♣.~§~~~~~~~~.
%.......$..♣.....~~~~~~
♣♣..~~~~...~....~>..~~~.
♣♣.~~~~~.~♣♣.~.~~.♣~§♣~
♣.~$~~~~.~~..~~~♣ ♣~~♣
♣♣♣.$~~~~~~~~~..~♣♣♣..♣
.♣♣♣♣~..~D~~.~.~~~..~~.♣~~~
..§~~~..~§@.....~.~~~~~.~~.
..~~~.~~~....w○○.~....~~~~~....
..~~~..~.~..♣♣○○~§~♣.~~~~~~..~~
♣..~..~~~♣♣♣♣♣♣☼.~♣♣.~~~~~.~.~~
~~..~~..♣♣♣♣♣.~§~~~..~~~§~.~~§
♣...~~~....~.~§..♣♣.~~~~~~~~< ♣
♣..~~~..~.♣~.§.♣♣♣.§~~~~~~..
♣...♣.~~.~♣ ~~.~~~.~~~~~~~.~
..w~.~.<.~♣ ~~.~......♣♣


You could see a seven-headed hydra and a tyrant leech.

Vanquished Creatures
  Jorgrun (Orc:1)
  Kirke (D:14)
  Agnes (Spider:3)
  Donald (Spider:3)
  2 emperor scorpions
  2 frost giants (IceCv)
  3 ghost moths
  A broodmother (Spider:3)
  An orc warlord (Orc:2)
  2 eleionomae
  2 spark wasps
  A bunyip (Swamp:2)
  A minotaur (Gauntlet)
  Azrael (Orc:1)
  A white draconian (IceCv)
  Josephine (D:11)
  A rakshasa (D:15)
  Fannar (D:11)
  2 ice dragons (IceCv)
  2 entropy weavers
  A great orb of eyes (Gauntlet)
  3 catoblepae (Lair:5)
  2 jorogumos
  3 alligators (Swamp:2)
  4 hydras
  An ogre mage (Orc:1)
  6 centaur warriors
  A ghost crab (Lair:2)
  5 two-headed ogres
  6 boulder beetles
  14 death yaks
  4 ironbound frosthearts (IceCv)
  2 radroaches (Spider:3)
  7 demonic crawlers
  4 orc high priests (Orc:2)
  3 tengu warriors
  An occultist (D:15)
  Sonja (D:12)
  3 skysharks
  2 death drakes (Swamp:1)
  2 goliath frogs
  4 pharaoh ants
  10 orb spiders
  A skeletal warrior (D:14)
  A swamp dragon (Swamp:1)
  A glowing orange brain (Gauntlet)
  An arcanist (D:14)
  A bog body (Lair:2)
  2 deep elf zephyrmancers (D:15)
  2 obsidian bats
  A necromancer (D:15)
  3 steelbarb worms
  An oklob plant (Gauntlet)
  4 orc sorcerers
  2 deep elf pyromancers (D:13)
  7 wolf spiders
  34 ugly things
  5 cyclopes
  An orc knight (Orc:1)
  2 will-o-the-wisps
  9 manticores
  A moth of wrath (Spider:1)
  3 meliai (Gauntlet)
  12 elephants
  A centaur zombie (D:15)
  2 torpor snails
  2 black mambas
  3 kobold blastminers
  5 cane toads
  Jeremiah (D:8)
  2 unseen horrors
  A centaur skeleton (D:15)
  Psyche (D:12)
  18 rime drakes
  11 komodo dragons
  2 trolls
  A tengu conjurer (D:13)
  18 polar bears
  2 wolf spider simulacra
  A hornet (Swamp:1)
  3 tyrant leeches
  18 tarantellas
  16 jumping spiders
  21 blink frogs
  18 dream sheep
  3 slime creatures
  12 culicivoras
  4 wraiths
  A shadow (D:12)
  A spriggan (Swamp:1)
  9 wyverns
  A centaur simulacrum (D:15)
  29 yaks
  2 vampires
  3 fire elementals (Orc:1)
  3 hogs (D:14)
  2 wargs (Orc:2)
  6 vampire mosquitoes
  3 basilisks
  49 redbacks
  10 swamp worms
  5 hell hounds
  3 acid dragons
  12 water moccasins
  38 orc warriors
  A sky beast (D:6)
  3 black bears
  5 laughing skulls
  10 ogres
  A crocodile (shapeshifter) (D:13)
  9 centaurs
  14 wolves
  2 phantoms
  2 kobold brigands
  A gnoll sergeant (D:12)
  7 bullfrogs
  3 scorpions
  14 killer bees
  3 howler monkeys
  2 electric eels (Lair:2)
  2 hounds
  7 jellies
  41 orc priests
  A gnoll bouda (D:6)
  3 iguanas
  35 orc wizards
  8 gnolls
  4 adders
  A river rat (Lair:3)
  3 shadow imps
  2 white imps (D:8)
  An ufetubus (D:7)
  4 dart slugs
  108 orcs
  5 ball pythons
  5 bats
  4 endoplasms
  5 giant cockroaches
  9 goblins
  A hobgoblin (D:1)
  6 jackals (D:2)
  4 quokkas
  2 frilled lizards (D:1)
  14 kobolds
  11 rats
917 creatures vanquished.

Vanquished Creatures (collateral kills)
  An ironbound preserver (D:14)
1 creature vanquished.

Vanquished Creatures (others)
  26 foxfires
26 creatures vanquished.

Grand Total: 944 creatures vanquished

Notes
Turn   | Place    | Note
-------+----------+-------------------------------------------
     0 | D:1      | Shayle the Coglin Alchemist began the quest for the Orb.
     0 | D:1      | Reached XP level 1. HP: 13/13 MP: 3/3
    41 | D:1      | Reached skill level 1 in Conjurations
   259 | D:1      | Reached XP level 2. HP: 18/20 MP: 0/4
   931 | D:2      | Reached XP level 3. HP: 25/25 MP: 4/6
  1011 | D:2      | Reached skill level 1 in Fighting
  1180 | D:2      | Found a basalt altar of Yredelemnul.
  1285 | D:2      | Found Biveu's Jewellery Boutique.
  2020 | D:3      | Noticed a scorpion
  2034 | D:3      | Learned a level 3 spell: Mephitic Cloud
  2047 | D:3      | Killed a scorpion
  2048 | D:3      | Reached skill level 2 in Conjurations
  2048 | D:3      | Reached XP level 4. HP: 33/33 MP: 3/7
  2048 | D:3      | Reached XP level 5. HP: 38/38 MP: 3/8
  2366 | D:3      | Found an ancient bone altar of Kikubaaqudgha.
  2401 | D:3      | Reached skill level 1 in Fire Magic
  2449 | D:3      | Identified the +5 dagger "Saefoin" {protect, rN+ Str+3
                  | Int+6}
  2481 | D:3      | Found a faded altar of an unknown god.
  3061 | D:4      | Found Murghud's Assorted Antiques.
  3131 | D:4      | Bought 2 scrolls labelled REAQUCLOFIT for 62 gold pieces
  3131 | D:4      | Bought 2 pink potions for 55 gold pieces
  4169 | D:5      | Entered Level 5 of the Dungeon
  4172 | D:5      | Found a basalt altar of Yredelemnul.
  4176 | D:5      | Noticed a phantom
  4185 | D:5      | Killed a phantom
  4186 | D:5      | Reached XP level 6. HP: 36/46 MP: 9/9
  4467 | D:5      | Reached skill level 3 in Conjurations
  4633 | D:5      | Identified the +1 leather armour of the Gloaming {rPois
                  | Dex+4}
  4821 | D:5      | Learned a level 4 spell: Sticky Flame
  4824 | D:5      | Reached XP level 7. HP: 51/52 MP: 7/10
  5293 | D:6      | Found a staircase to the Ecumenical Temple.
  5326 | Temple   | Entered the Ecumenical Temple
  5397 | Temple   | Became a worshipper of Gozag Ym Sagoz the Greedy
  5783 | D:6      | Found a shadowy altar of Dithmenos.
  5861 | D:6      | Reached XP level 8. HP: 47/60 MP: 12/12
  6334 | D:7      | Reached skill level 4 in Conjurations
  6831 | D:7      | Reached XP level 9. HP: 64/67 MP: 14/14
  6837 | D:7      | Reached skill level 5 in Fighting
  6902 | D:7      | Reached skill level 5 in Dodging
  7001 | D:8      | Noticed Jeremiah
  7014 | D:8      | Reached skill level 5 in Conjurations
  7039 | D:8      | Killed Jeremiah
  7404 | D:8      | Learned a level 4 spell: Olgreb's Toxic Radiance
  7407 | D:8      | Learned a level 2 spell: Blink
  7595 | D:9      | Reached skill level 5 in Fire Magic
  7758 | D:9      | Found a sacrificial altar of Ru.
  7828 | D:9      | Identified the +9 plate armour of Valour {rPois MP+9 Str-2
                  | Int+2}
  7841 | D:9      | Found a stormy altar of Qazlal.
  7872 | D:9      | Found a shimmering blue altar of Sif Muna.
  8073 | D:10     | Entered Level 10 of the Dungeon
  8197 | D:10     | Noticed a troll
  8205 | D:10     | Killed a troll
  8206 | D:10     | Reached skill level 5 in Spellcasting
  8206 | D:10     | Reached XP level 10. HP: 62/76 MP: 10/17
  8418 | D:10     | Reached skill level 6 in Conjurations
  8655 | D:10     | Noticed a manticore
  8666 | D:10     | Killed a manticore
  9325 | D:10     | Found a staircase to the Lair.
  9501 | Lair:1   | Entered Level 1 of the Lair of Beasts
  9526 | Lair:1   | Noticed a cane toad
  9542 | D:10     | Killed a cane toad
  9692 | D:11     | Got the Atlas of Frozen Bruises
  9715 | D:11     | Noticed Fannar
  9719 | D:11     | Noticed a two-headed ogre
  9724 | D:11     | Killed a two-headed ogre
  9725 | D:11     | Reached XP level 11. HP: 62/84 MP: 10/20
  9735 | D:11     | Noticed Josephine
  9747 | D:11     | Killed Fannar
  9748 | D:11     | Reached skill level 7 in Conjurations
  9748 | D:11     | Killed Josephine
  9922 | D:11     | Noticed a two-headed ogre
  9924 | D:11     | Noticed a green ugly thing
  9930 | D:11     | Killed a two-headed ogre
  9948 | D:11     | Killed a green ugly thing
 10466 | D:11     | Found a staircase to the Orcish Mines.
 11479 | Lair:1   | Identified the +2 robe of Sorcery {rN+ Will+}
 11508 | Lair:1   | Identified a scroll of acquirement
 11508 | Lair:1   | Acquired the staff of Ylak {rPois Str+3 Int+2 Alchemy}
 11571 | Lair:1   | Reached XP level 12. HP: 94/94 MP: 7/22
 11595 | Lair:1   | Reached skill level 1 in Staves
 11901 | Lair:1   | You fall into a shaft and drop 1 floor!
 11901 | Lair:2   | Noticed a five-headed hydra
 11905 | Lair:2   | Killed a five-headed hydra
 11986 | Lair:2   | Noticed a death yak
 12216 | Lair:2   | Noticed a death yak
 12217 | Lair:2   | Noticed a death yak
 12217 | Lair:2   | Noticed a death yak
 12217 | Lair:2   | Noticed a death yak
 12718 | Lair:2   | Found a hole to the Spider Nest.
 12746 | Lair:1   | Killed a death yak
 13007 | Lair:2   | Learned a level 5 spell: Arcjolt
 13198 | Lair:2   | Reached skill level 1 in Air Magic
 13380 | Lair:2   | Noticed a death yak
 13464 | Lair:2   | Killed a death yak
 13770 | Lair:2   | Found a staircase to the Swamp.
 14193 | Lair:2   | Killed a death yak
 14194 | Lair:2   | Reached XP level 13. HP: 70/103 MP: 4/23
 14506 | Lair:2   | Reached skill level 10 in Fighting
 15462 | Lair:3   | Reached skill level 5 in Staves
 16972 | Lair:4   | Noticed Rupert
 16974 | Lair:4   | Paralysed by Rupert for 4 turns
 17072 | Lair:4   | Paralysed by Rupert for 3 turns
 17646 | D:11     | Found an ornate altar of the Wu Jian Council.
 17722 | D:11     | Reached skill level 10 in Dodging
 18803 | D:12     | Noticed Psyche
 18936 | D:12     | Killed Psyche
 19085 | D:12     | Identified the +0 great sword "Ontikkod" {speed, rC+ Str+3
                  | SInv}
 19163 | D:12     | Reached skill level 5 in Air Magic
 19336 | D:12     | Noticed Sonja
 19344 | D:12     | Killed Sonja
 19586 | D:13     | Found a gate leading to a gauntlet.
 19597 | Gauntlet | Entered a Gauntlet
 19597 | Gauntlet | Found a transporter.
 19604 | Gauntlet | Found a transporter.
 19607 | Gauntlet | Found a transporter.
 19608 | Gauntlet | Found a transporter.
 19610 | Gauntlet | Found the dreamshard necklace {Acrobat *Dream}
 19619 | Gauntlet | Found a transporter.
 19619 | Gauntlet | Found a transporter.
 19620 | Gauntlet | Found a transporter.
 19631 | Gauntlet | Found a transporter.
 19632 | Gauntlet | Found a transporter.
 19633 | Gauntlet | Found a transporter.
 19635 | Gauntlet | Noticed a great orb of eyes
 19639 | Gauntlet | Found a runed translucent door.
 19642 | Gauntlet | Found a transporter.
 19643 | Gauntlet | Found a transporter.
 19644 | Gauntlet | Found a transporter.
 19652 | Gauntlet | Found a transporter.
 20331 | Gauntlet | Killed a great orb of eyes
 20332 | Gauntlet | Reached XP level 14. HP: 93/111 MP: 2/24
 20334 | Gauntlet | Identified the +1 cloak of the New World {Will+ Int+3}
 20760 | Gauntlet | Identified the +0 cloak of Luull {rN+}
 20798 | Gauntlet | Identified the staff "Feacix" {Str+2 Summ Necro Earth}
 21169 | D:12     | Identified the ring "Felioj" {Wiz rN+ rCorr MP-9 Int+3}
 21436 | Orc:1    | Entered Level 1 of the Orcish Mines
 21436 | Orc:1    | Noticed Jorgrun
 21449 | Orc:1    | Killed Jorgrun
 21903 | Orc:1    | You fall into a shaft and drop 1 floor!
 21903 | Orc:2    | Entered Level 2 of the Orcish Mines
 21903 | Orc:2    | Noticed an orc warlord
 24390 | Orc:2    | Noticed Azrael
 24556 | Orc:1    | Killed Azrael
 24890 | Orc:2    | Found a staircase to the Elven Halls.
 24946 | Orc:2    | Killed an orc warlord
 25806 | Orc:2    | Found Yzianis's Jewellery Boutique.
 25806 | Orc:2    | Found Wourphiod's Magic Scroll Shop.
 25806 | Orc:2    | Found Ces Sode's Distillery.
 25819 | Orc:2    | Found Maats's Antique Weapon Boutique.
 25823 | Orc:2    | Bought a scroll of enchant armour for 112 gold pieces
 25826 | Orc:2    | Bought a potion of heal wounds for 70 gold pieces
 25826 | Orc:2    | Bought a potion of curing for 42 gold pieces
 25826 | Orc:2    | Bought a potion of curing for 42 gold pieces
 26041 | Orc:2    | Bought a scroll of fog for 60 gold pieces
 26041 | Orc:2    | Bought a scroll of blinking for 112 gold pieces
 26041 | Orc:2    | Bought a scroll of teleportation for 45 gold pieces
 26041 | Orc:2    | Bought a scroll of identify for 30 gold pieces
 26041 | Orc:2    | Bought a scroll of identify for 30 gold pieces
 26254 | D:10     | Bought a faintly humming leather armour for 315 gold pieces
 26254 | D:10     | Identified the +0 leather armour of Ijan {+Blink rPois rF++
                  | Dex-3} (You bought it in a shop on level 10 of the Dungeon)
 26349 | Lair:4   | Reached XP level 15. HP: 93/117 MP: 13/25
 26540 | Lair:4   | Reached skill level 1 in Armour
 26700 | Lair:5   | Entered Level 5 of the Lair of Beasts
 27084 | Lair:5   | Found a viscous altar of Jiyva.
 27351 | Lair:5   | Found a staircase to the Slime Pits.
 27390 | Lair:5   | Learned a level 5 spell: Fireball
 27537 | Lair:5   | Reached skill level 8 in Conjurations
 28159 | Lair:5   | Acquired an articulated scope {rC+ Will+ Regen+ RegenMP+}
 28679 | Lair:5   | Reached skill level 10 in Staves
 29681 | D:13     | Found Olid's Magic Scroll Shoppe.
 29694 | D:13     | Bought a scroll of acquirement for 676 gold pieces
 29694 | D:13     | Bought a scroll of identify for 26 gold pieces
 29694 | D:13     | Bought a scroll of identify for 26 gold pieces
 29696 | D:13     | Acquired an Everburning Encyclopedia
 29751 | D:13     | Learned a level 4 spell: Ignite Poison
 30120 | D:13     | Reached skill level 9 in Conjurations
 30275 | D:13     | Found a portal to a secret trove of treasure.
 30483 | D:14     | Reached skill level 5 in Armour
 30597 | D:14     | Noticed Kirke
 30629 | D:14     | Killed Kirke
 30889 | D:14     | Found a gate to the Vaults.
 30964 | D:14     | Reached XP level 16. HP: 123/123 MP: 17/26
 31085 | D:14     | Found a glowing golden altar of the Shining One.
 31204 | D:14     | Found an iron altar of Okawaru.
 31398 | D:15     | Entered Level 15 of the Dungeon
 31652 | D:15     | Found Yboyrgh's Tremendous Tomes.
 31791 | D:15     | Reached skill level 10 in Conjurations
 32011 | D:15     | Found a staircase to the Depths.
 32062 | D:15     | Found a faded altar of an unknown god.
 32062 | D:15     | Found a faded altar of an unknown god.
 32180 | D:15     | Found a hazy altar of Hepliaklqana.
 32553 | D:10     | Bought a glowing helmet for 337 gold pieces
 32598 | Spider:1 | Entered Level 1 of the Spider Nest
 33855 | Spider:1 | Reached skill level 11 in Conjurations
 34508 | Spider:2 | Found a glacial archway.
 34519 | IceCv    | Entered an ice cave
 34805 | IceCv    | Reached XP level 17. HP: 125/129 MP: 10/27
 35171 | IceCv    | Reached skill level 12 in Conjurations
 35802 | IceCv    | Identified the ring of the Clean Jackfruit {rElec rC- Str+8
                  | Dex+6}
 36075 | Spider:2 | Reached skill level 10 in Armour
 36926 | Spider:3 | Noticed Donald
 36926 | Spider:3 | Noticed Agnes
 36945 | Spider:3 | Killed Donald
 36947 | Spider:3 | Killed Agnes
 37360 | Spider:3 | Reached skill level 13 in Conjurations
 37853 | Spider:3 | Reached skill level 10 in Fire Magic
 38256 | Spider:4 | Entered Level 4 of the Spider Nest
 38256 | Spider:4 | Noticed Mlioglotl
 38372 | Swamp:1  | Entered Level 1 of the Swamp
 39331 | Swamp:2  | Reached XP level 18. HP: 84/136 MP: 13/29
 39480 | Swamp:2  | HP: 6/136 [seven-headed hydra (5)]
 39481 | Swamp:2  | Slain by a seven-headed hydra

Illustrated notes

Levels and vault maps discovered:
D:1:      minmay_arrival_radiant_lines, layout_basic, chequers_jeans
D:2:      layout_loops_ring, serial_shops, nicolae_shop_hallway_plus,
          basic_altar, kennysheep_generic_room_14
D:3:      minmay_octagon_keep, layout_loops_ring,
          mainiacjoe_overflow_six_doors_small, hellmonk_ecumenical_altar_run_dry
D:4:      layout_layer_cave, serial_shops, nicolae_inconvenience_store
D:5:      layout_loops_corners, yredelemnul_altar_generic
D:6:      nicolae_BIG_FREAKIN_CUBE, layout_cave_pools, grunt_dithmenos_smoke,
          minmay_temple_entry_tees
D:7:      layout_basic, minmay_puff
D:8:      layout_basic, due_unseen_surprise, uniq_jeremiah
D:9:      layout_rooms, hangedman_ru_absence, mainiacjoe_overflow_two_lobes
D:10:     layout_roguey, erik_lair_dragon, kennysheep_generic_room_7
D:11:     layout_loops_ring, hiddenorc2_lemuel,
          pdpol_wu_jian_five_deadly_venoms, uniq_josephine, uniq_fannar
D:12:     layout_roguey [special_room_orc], minmay_diamond_spiral, uniq_sonja,
          uniq_psyche
D:13:     layout_loops_corners, serial_shops, shop_coins,
          trove_entry_hex_spiral, gauntlet_entry_generic
D:14:     layout_basic, skrybe_vaults_entry_preservation, okawaru_trees_1,
          tso_altar, uniq_kirke
D:15:     grunt_enter_depths_magical_seal, layout_rooms,
          nicolae_hepliaklqana_ecumenical_no_more, nicolae_shop_i_like_big_books
Temple:   minmay_temple_bridge_d
Lair:1:   layout_regular_city, grunt_megastairs_4
Lair:2:   layout_small_grid, nicolae_swamp_entry_splash_gauntlet,
          dummy_spider_entry
Lair:3:   layout_misc_corridors, pond
Lair:4:   layout_regular_city, small_statue_intersection, disabler_island,
          uniq_rupert
Lair:5:   evilmike_catoblepas_cave, layout_small_grid,
          nicolae_slime_entry_field_trip
Swamp:1:  layout_falls_marsh, evilmike_swamp_ruin_house_2,
          nicolae_swamp_soggy_hallways
Swamp:2:  layout_basic_swamp, hangedman_swamp_ruin_wall,
          infiniplex_staircase_pool
Spider:1: layout_chambers, nicolae_spider_circle_web, nicolae_spider_shape
Spider:2: layout_spider_delve, portal_ice_cave_entry_pillars_1,
          nicolae_spider_orb_run
Spider:3: layout_spider_delve, nicolae_spider_baby_got_redback, uniq_agnes,
          uniq_donald
Spider:4: guppyfry_spider_rune, uniq_mlioglotl
Orc:1:    layout_caves, nicolae_orc_all_along_the_watchtower, uniq_jorgrun
Orc:2:    st_orc_mages, layout_caves, uniq_azrael

Skill      XL: |  1  2  3  4  5  6  7  8  9 10 11 12 13 14 15 16 17 18 |
---------------+-------------------------------------------------------+-----
Conjurations   | 1 2 3 4 5 6 7 9 11 13 | 13.5
Dodging        | 2 3 4 6 7 8 9 10 12 | 12.0
Spellcasting   | 2 3 5 6 7 |  7.9
Fighting       | 1 2 3 4 6 7 8 9 10 | 10.5
Fire Magic     | 1 2 3 4 5 6 7 8 9 10 11 | 11.0
Staves         | 4 6 9 10 12 | 12.0
Air Magic      | 2 5 8 |  8.6
Armour         | 5 8 10 | 10.8
Stealth        | |  1.5
Alchemy        | |  3.7

Action                     |  1- 3 |  4- 6 |  7- 9 | 10-12 | 13-15 | 16-18 || total
---------------------------+-------+-------+-------+-------+-------+-------++-------
  Melee: Unarmed           |    11 |       |       |       |       |       ||    11
         Dagger            |    33 |    46 |   145 |   250 |   709 |   414 ||  1597
         Rapier            |    21 |    20 |       |       |       |       ||    41
         Trident           |       |    32 |   172 |   178 |       |       ||   382
         Staff             |       |       |       |   107 |   696 |   404 ||  1207
   Cast: Sting             |    65 |    17 |    10 |     2 |       |       ||    94
         Mephitic Cloud    |       |     6 |    20 |    53 |   140 |    44 ||   263
         Sticky Flame      |       |       |     1 |    49 |   185 |   153 ||   388
         Olgreb's Toxic Ra |       |       |       |    10 |    67 |    52 ||   129
         Arcjolt           |       |       |       |       |    48 |    52 ||   100
         Blink             |       |       |       |       |     1 |     5 ||     6
         Fireball          |       |       |       |       |    14 |    35 ||    49
         Ignite Poison     |       |       |       |       |     1 |    54 ||    55
 Invoke: Potion Petition   |       |       |       |     2 |     4 |     6 ||    12
         Call Merchant     |       |       |       |       |     3 |       ||     3
Ability: Invent Gizmo      |       |       |       |       |     1 |       ||     1
  Evoke: Wand              |       |       |       |     5 |    32 |    14 ||    51
         Phial of floods   |       |       |       |       |     1 |     1 ||     2
         Condenser vane    |       |       |       |       |     1 |       ||     1
         Phantom mirror    |       |       |       |       |       |     1 ||     1
    Use: Scroll            |     1 |     2 |    13 |     8 |    22 |     8 ||    54
         Potion            |       |       |       |     6 |     9 |     9 ||    24
   Stab: Sleeping          |       |     2 |     1 |       |       |       ||     3
         Confused          |       |     4 |    20 |    55 |   134 |    12 ||   225
         Distracted        |       |       |       |     2 |     1 |       ||     3
 Armour: Robe              |    42 |    25 |       |       |       |       ||    67
         Leather armour    |       |     1 |    83 |   202 |   516 |   677 ||  1479
  Dodge: Dodged            |    33 |    22 |   117 |   243 |   646 |   680 ||  1741

Table legend: (Time is in decaauts)
 A = Elapsed time spent in this place.
 B = Non-inter-level travel time spent in this place.
 C = Inter-level travel time spent in this place.
 D = Time resting spent in this place.
 E = Time spent auto-exploring this place.
 F = Levels seen in this place.
 G = Mean time per level.
                   A        B        C        D        E       F      G
               +--------+--------+--------+--------+--------+-----+--------+
         Total |  39731 |  37241 |   2490 |  10296 |  15604 |  31 | 1281.6 |
       Dungeon |  17108 |  15746 |   1362 |   2006 |   9683 |  15 | 1140.5 |
        Temple |    142 |      1 |    141 |      0 |      0 |   1 |  142.0 |
          Lair |  10045 |   9400 |    645 |   3377 |   3267 |   5 | 2009.0 |
         Swamp |    888 |    886 |      2 |    188 |    257 |   2 |  444.0 |
   Spider Nest |   4417 |   4201 |    216 |   1172 |   1538 |   4 | 1104.2 |
  Orcish Mines |   4532 |   4410 |    122 |   2156 |    822 |   2 | 2266.0 |
      Ice Cave |   1284 |   1284 |      0 |    495 |     36 |   1 | 1284.0 |
      Gauntlet |   1311 |   1311 |      0 |    900 |      0 |   1 | 1311.0 |
               +--------+--------+--------+--------+--------+-----+--------+

Top non-repeatable levels by time:
  Lair:2: 3410 daAuts
   Orc:1: 2951 daAuts
  Lair:5: 2490 daAuts
    D:10: 2317 daAuts
  Lair:1: 1931 daAuts
    D:11: 1884 daAuts
Spider:1: 1830 daAuts
    D:12: 1699 daAuts
   Orc:2: 1581 daAuts
Spider:3: 1334 daAuts
  Lair:3: 1331 daAuts
Gauntlet: 1311 daAuts
   IceCv: 1284 daAuts
     D:4: 1283 daAuts
Spider:2: 1252 daAuts
